 Dungeon Crawl Stone Soup version 0.20.0-8-g6b59dc7 (webtiles) character file.

25388 Jerry the Severer (level 13, 0/114 (116) HPs)
             Began as a Hill Orc Fighter on May 31, 2017.
             Was the Champion of Makhleb.
             Slain by Rupert
             ... wielding a +2 triple sword of holy wrath
              (8 damage)
             ... on level 3 of the Lair of Beasts.
             The game lasted 00:48:09 (16523 turns).

Jerry the Severer (Hill Orc Fighter)               Turns: 16523, Time: 00:48:10

HP:   0/114 (116)   AC: 26    Str: 26    XL:     13   Next: 19%
MP:   0/20          EV:  7    Int:  9    God:    Makhleb [******]
Gold: 1113          SH:  6    Dex: 12    Spells: 12/12 levels left

rFire    + . .     SeeInvis .   L - +5 war axe
rCold    . . .     Gourm    .   A - +0 buckler
rNeg     . . .     Faith    .   V - +3 plate armour
rPois    .         Spirit   +   m - +3 helmet "Beisall" {rF+ MR+}
rElec    .         Reflect  .   F - +1 cloak
rCorr    +         Harm     .   (no gloves)
MR       ++...                  N - +0 pair of boots
Stlth    ..........             j - amulet of guardian spirit
Regen    0.3/turn               r - ring of protection from magic
MPRegen  0.2/turn               B - ring of resist corrosion

@: mighty
A: no striking features
a: Minor Destruction, Lesser Servant of Makhleb, Major Destruction, Greater
Servant of Makhleb, Renounce Religion


You were on level 3 of the Lair of Beasts.
You worshipped Makhleb.
Makhleb was exalted by your worship.
You were hungry.

You visited 2 branches of the dungeon, and saw 15 of its levels.
You also visited: Ossuary.

You collected 1113 gold pieces.

Inventory:

Hand Weapons
 w - a +0 whip of electrocution
 L - a +5 war axe (weapon)
Missiles
 C - 8 javelins (quivered)
Armour
 m - the +3 helmet "Beisall" (worn) {rF+ MR+}
   (You acquired it on level 6 of the Dungeon)

   It protects you from fire.
   It affects your resistance to hostile enchantments.
 A - a +0 buckler (worn)
 F - a +1 cloak (worn)
 N - a +0 pair of boots (worn)
 V - a +3 plate armour (worn)
Jewellery
 j - an amulet of guardian spirit (around neck)
 r - a ring of protection from magic (left hand)
 B - a ring of resist corrosion (right hand)
Wands
 a - a wand of confusion (18/48)
 d - a wand of disintegration (10/24)
 D - a wand of flame (27/48)
 G - a wand of lightning (1/15)
 M - a wand of acid (3/15)
 R - a wand of confusion (23/48)
Scrolls
 e - 7 scrolls of teleportation
 i - a scroll of identify
 k - 4 scrolls of blinking
 p - 4 scrolls of immolation
 x - 2 scrolls of fog
 y - 5 scrolls of remove curse
 H - 2 scrolls of enchant weapon
 I - a scroll of fear
 P - a scroll of magic mapping
 Q - 3 scrolls of enchant armour
Potions
 b - 3 potions of magic {unknown}
 h - 12 potions of curing
 n - a potion of resistance
 o - 3 potions of haste
 q - a potion of brilliance
 s - 4 potions of lignification
 t - 2 potions of ambrosia {unknown}
 u - 8 potions of flight {unknown}
 v - a potion of degeneration {unknown}
 E - a potion of agility {unknown}
 J - 2 potions of heal wounds {unknown}
 O - a potion of mutation {unknown}
Miscellaneous
 K - a lightning rod (inert)
Comestibles
 f - 16 bread rations
 g - 8 meat rations
 l - 9 fruits
 z - a royal jelly


   Skills:
 + Level 11.3 Fighting
 * Level 17.3 Axes
 + Level 11.4 Armour
 + Level 8.1 Shields
 - Level 9.8 Invocations


You had 12 spell levels left.
You didn't know any spells.

Dungeon Overview and Level Annotations

Branches:
Dungeon (12/15)            Temple (0/1) D:5            Lair (3/6) D:10
  Swamp (0/4) Lair:2        Snake (0/4) Lair:2          Orc (0/2) D:9

Altars:
Gozag
Makhleb
Nemelex Xobeh
Ru
Sif Muna
Trog
Uskayaw
Vehumet
Beogh

Shops:
D:9 :   D:10 (

Annotations:
Lair:2 exclusion: 3 oklob plants
Lair:3 Rupert


Message History

Rupert hits you but does no damage.
You barely miss Rupert.
Rupert is heavily wounded.
Rupert hits you with a triple sword of holy wrath!
You slash Rupert!
Rupert is heavily wounded.
You slash Rupert!
Rupert is heavily wounded.
You block Rupert's attack.
You slash Rupert!
Rupert is severely wounded.
Rupert hits you with a triple sword of holy wrath!!!
You slice Rupert!!
Rupert is almost dead.
Rupert hits you with a triple sword of holy wrath!!!
* * * LOW HITPOINT WARNING * * *
You slice Rupert!!
Rupert is almost dead.
Rupert hits you with a triple sword of holy wrath!
You die...

.........#.##P...≈≈≈≈≈≈≈.........
...........###P..≈≈≈≈≈≈..........
#........### #...≈≈≈≈≈.<.........
##........# ###.≈≈≈≈≈≈.........#
##........# #...≈≈≈≈≈........##
####......## ##..≈≈≈≈........##
#####......## #..$≈....#....##
..###P......#.##...>.#####..##
..##P...#P.....@@......P#####
...#..#######...†.......#
.......# #........?....# ......##
##............# .......##
#.>...........# ........#
#.............# ........#
#.............. ......###
#....<......... ......##


You could see Rupert (berserk).

Vanquished Creatures
  Gastronok (D:8)
  A hydra (Lair:3)
  Erolcha (D:9)
  Fannar (D:11)
  2 two-headed ogres
  Nergalle (D:11)
  2 wizards (D:9)
  Pikel (D:7)
  A necromancer (Lair:3)
  2 cyclopes (D:12)
  An ugly thing (D:12)
  An orc sorcerer (D:9)
  2 oklob plants (Lair:3)
  Maurice (D:9)
  Psyche (D:9)
  5 spiny frogs
  2 komodo dragons
  A hornet (D:8)
  2 trolls (D:11)
  6 hippogriffs
  A spriggan (shapeshifter) (D:12)
  6 yaks (Lair:2)
  A wraith (D:10)
  2 wyverns
  Grum (D:11)
  A basilisk (Lair:2)
  2 hungry ghosts
  The ghost of Unholydonuts the Cudgeler, an amateur GrGl (D:4)
  3 nagas (Lair:2)
  3 soldier ants
  A porcupine (Lair:1)
  6 water moccasins
  5 orc warriors
  3 ice beasts
  A black bear (D:6)
  4 sky beasts
  A slave (D:7)
  2 elephant zombies (Lair:3)
  2 necrophages
  5 ogres
  3 phantoms
  6 wolves
  7 centaurs
  3 crocodiles
  10 bullfrogs
  A big kobold (D:10)
  An elf zombie (Ossuary)
  A wyvern zombie (D:8)
  A scorpion (D:6)
  3 wights (D:6)
  13 killer bees
  A howler monkey (D:5)
  4 electric eels
  4 crimson imps
  3 bullfrog zombies
  2 centaur zombies
  3 jellies
  A basilisk zombie (Lair:3)
  3 centaur skeletons
  2 bullfrog skeletons
  8 hounds
  10 orc priests
  11 orc wizards
  4 iguanas
  8 worker ants
  2 big kobold zombies (Ossuary)
  6 hound zombies
  4 hound skeletons
  4 mummies
  A howler monkey zombie (D:5)
  7 gnolls
  12 adders
  5 shadow imps
  An ooze (D:3)
  7 adder zombies
  An adder skeleton (D:6)
  6 leopard geckos
  38 orcs
  11 bats
  4 giant cockroaches
  A gnoll zombie (Ossuary)
  7 goblins
  6 hobgoblins
  17 jackals
  4 quokkas
  A ball python (D:1)
  2 frilled lizards
  3 goblin zombies
  2 hobgoblin zombies (Ossuary)
  A jackal skeleton (D:8)
  4 jackal zombies (Ossuary)
  12 kobolds
  2 kobold zombies (Ossuary)
  A leopard gecko zombie (D:7)
  4 orc zombies
  A quokka skeleton (D:5)
  5 quokka zombies (Ossuary)
  10 rats
  3 rat zombies (Ossuary)
  A fungus (Lair:1)
  5 plants
400 creatures vanquished.

Vanquished Creatures (others)
  An orc (D:11)
  A quokka zombie (D:7)
  3 plants
5 creatures vanquished.

Grand Total: 405 creatures vanquished

Notes
Turn   | Place    | Note
-------+----------+-------------------------------------------
     0 | D:1      | Jerry the Hill Orc Fighter began the quest for the Orb.
     0 | D:1      | Reached XP level 1. HP: 19/19 MP: 1/1
    66 | D:1      | Reached skill level 3 in Axes
   262 | D:1      | Reached XP level 2. HP: 26/26 MP: 2/2
   269 | D:1      | You fall through a shaft!
   933 | D:1      | Reached skill level 4 in Axes
   946 | D:2      | Reached XP level 3. HP: 30/31 MP: 3/3
  1083 | D:2      | Found a radiant altar of Vehumet.
  1213 | D:2      | Noticed a moth of wrath
  1217 | D:2      | Found a bloodstained altar of Trog.
  1374 | D:3      | Reached XP level 4. HP: 34/39 MP: 1/4
  1812 | D:3      | Reached skill level 5 in Axes
  1830 | D:3      | Noticed an ogre
  1847 | D:3      | Killed an ogre
  1847 | D:3      | Reached XP level 5. HP: 43/45 MP: 5/5
  1871 | D:3      | Found a sparkling altar of Nemelex Xobeh.
  2154 | D:4      | Found a burning altar of Makhleb.
  2155 | D:4      | Found a sacrificial altar of Ru.
  2161 | D:4      | Became a worshipper of Makhleb the Destroyer
  2221 | D:4      | Reached skill level 6 in Axes
  2316 | D:4      | Reached XP level 6. HP: 47/51 MP: 6/6
  2334 | D:4      | Reached skill level 1 in Invocations
  2365 | D:4      | Noticed Unholydonuts's ghost (amateur GrGl)
  2376 | D:4      | Killed Unholydonuts's ghost
  2378 | D:4      | Found a sand-covered staircase.
  2527 | Ossuary  | Entered an ossuary
  2601 | Ossuary  | Reached * piety under Makhleb
  2631 | Ossuary  | Reached XP level 7. HP: 57/57 MP: 8/8
  2639 | Ossuary  | Reached skill level 7 in Axes
  2704 | Ossuary  | Reached skill level 5 in Armour
  2830 | Ossuary  | Reached skill level 5 in Shields
  3050 | Ossuary  | Reached ** piety under Makhleb
  3163 | D:4      | Reached skill level 8 in Axes
  3667 | D:4      | You fall through a shaft!
  3667 | D:5      | Entered Level 5 of the Dungeon
  3753 | D:5      | Reached XP level 8. HP: 66/66 MP: 10/10
  4325 | D:4      | Reached skill level 9 in Axes
  4477 | D:5      | Found a staircase to the Ecumenical Temple.
  4796 | D:5      | Reached skill level 5 in Fighting
  5236 | D:5      | HP: 3/68 [crimson imp/wand of lightning (?/15) (13)]
  5598 | D:5      | Reached *** piety under Makhleb
  5766 | D:5      | Reached skill level 10 in Axes
  6145 | D:5      | Reached XP level 9. HP: 70/74 MP: 10/12
  6178 | D:5      | Reached skill level 5 in Invocations
  6598 | D:6      | Identified a scroll of acquirement
  6599 | D:6      | Got a faintly glowing helmet
  6600 | D:6      | Identified the +3 helmet "Beisall" {rF+ MR+} (You acquired it on level 6 of the Dungeon)
  6958 | D:6      | Reached skill level 11 in Axes
  7597 | D:7      | Noticed a dagger
  7597 | D:7      | Noticed a hand axe
  7598 | D:7      | Found a hide-covered altar of Uskayaw.
  7707 | D:7      | Reached XP level 10. HP: 77/86 MP: 13/15
  7756 | D:7      | Reached **** piety under Makhleb
  7758 | D:7      | Reached skill level 12 in Axes
  7963 | D:7      | Noticed Pikel
  7978 | D:7      | Killed Pikel
  8401 | D:8      | Found an opulent altar of Gozag.
  8555 | D:8      | Noticed Gastronok
  8578 | D:8      | Killed Gastronok
  8578 | D:8      | Reached skill level 13 in Axes
  8754 | D:8      | Found a deep blue altar of Sif Muna.
  9576 | D:8      | Noticed a two-headed ogre
  9584 | D:8      | Killed a two-headed ogre
  9584 | D:8      | Reached XP level 11. HP: 74/95 MP: 13/17
  9699 | D:9      | Found Uzxuabue's Book Shoppe.
  9746 | D:9      | Found a staircase to the Orcish Mines.
  9756 | D:9      | Found a roughly hewn altar of Beogh.
  9876 | D:9      | Got a scorched hand axe
  9877 | D:9      | Identified the +4 hand axe of the Vaults {chop, Dex+3} (You found it on level 9 of the Dungeon)
  9943 | D:9      | Noticed a wizard
  9945 | D:9      | Noticed an orc sorcerer
  9947 | D:9      | Noticed Erolcha
  9949 | D:9      | Noticed a wizard
  9955 | D:9      | Killed an orc sorcerer
  9955 | D:9      | Reached skill level 14 in Axes
 10159 | D:9      | Killed a wizard
 10200 | D:9      | Killed a wizard
 10528 | D:9      | Killed Erolcha
 10580 | D:9      | Noticed Psyche
 10689 | D:9      | Noticed Maurice
 10698 | D:9      | Killed Psyche
 10704 | D:9      | Killed Maurice
 10869 | D:10     | Entered Level 10 of the Dungeon
 10879 | D:10     | Reached ***** piety under Makhleb
 10893 | D:10     | Found a staircase to the Lair.
 11435 | D:10     | Noticed a two-headed ogre
 11448 | D:10     | Killed a two-headed ogre
 11448 | D:10     | Reached skill level 15 in Axes
 11458 | D:10     | Found Vagec's Antique Weapon Boutique.
 11720 | D:11     | Noticed Grum
 11744 | D:11     | Killed Grum
 12096 | D:11     | Reached skill level 10 in Armour
 12147 | D:11     | Reached XP level 12. HP: 104/104 MP: 17/19
 12306 | D:11     | Noticed Nergalle
 12318 | D:11     | Killed Nergalle
 12403 | D:11     | Reached skill level 10 in Fighting
 12699 | D:11     | Noticed Fannar
 12716 | D:11     | Killed Fannar
 13057 | D:12     | Reached skill level 16 in Axes
 13307 | D:12     | Noticed a five-headed hydra
 13713 | Lair:1   | Entered Level 1 of the Lair of Beasts
 14194 | Lair:1   | Reached ****** piety under Makhleb
 14606 | Lair:2   | Found a staircase to the Snake Pit.
 15167 | Lair:2   | Found a staircase to the Swamp.
 15577 | Lair:3   | Reached XP level 13. HP: 86/114 MP: 15/20
 15825 | Lair:3   | Reached skill level 17 in Axes
 16499 | Lair:3   | Noticed Rupert
 16523 | Lair:3   | Slain by Rupert

Skill      XL: |  1  2  3  4  5  6  7  8  9 10 11 12 13 |
---------------+----------------------------------------+-----
Axes           | 3 4 5 6 8 10 11 13 15 16 17 | 17.3
Armour         | 4 5 6 7 9 10 11 | 11.4
Shields        | 4 5 6 7 8 |  8.1
Invocations    | 2 3 4 6 8 9 |  9.8
Fighting       | 5 7 8 9 11 | 11.3

Action                   |  1- 3 |  4- 6 |  7- 9 | 10-12 | 13-15 || total
-------------------------+-------+-------+-------+-------+-------++-------
Melee: War axe           |   106 |   156 |   529 |   724 |    93 ||  1608
       Whip              |       |       |       |       |    13 ||    13
Invok: Minor Destruction |       |       |     1 |       |       ||     1
Evoke: Lightning rod     |       |       |       |     3 |     1 ||     4
       Wand              |       |       |       |       |     1 ||     1
  Use: Scroll            |     2 |       |     9 |    15 |       ||    26
       Potion            |       |     1 |       |     3 |     1 ||     5
  Eat: Chunk             |     2 |     4 |    17 |    32 |     4 ||    59
       Fruit             |       |       |       |     1 |       ||     1
Armor: Scale mail        |    90 |   107 |   190 |       |       ||   387
       Chain mail        |       |       |    57 |   176 |       ||   233
       Plate armour      |       |       |       |   132 |    59 ||   191
Dodge: Dodged            |    71 |    75 |   177 |   186 |    18 ||   527
Block: Shield            |    12 |       |       |       |       ||    12
       Buckler           |       |       |    81 |   124 |    19 ||   224
